 Dungeon Crawl Stone Soup version 0.30-a0-948-g4fa250aae5 (webtiles) character file.

Game seed: 8451171348874256243

29 Iniera the Ruffian (level 3, -2/19 HPs)
             Began as a Vine Stalker Fighter on Mar 27, 2023.
             Slain by a hobgoblin (3 damage)
             ... on level 2 of the Dungeon.
             The game lasted 00:00:45 (536 turns).

Iniera the Ruffian (Vine Stalker Fighter)            Turns: 536, Time: 00:00:46

Health: -2/19      AC:  6    Str: 20    XL:     3   Next: 16%
Magic:  0/4        EV:  9    Int:  8    God:
Gold:   73         SH:  4    Dex: 13    Spells: 2/2 levels left

rFire   . . .      SeeInvis +      - Unarmed
rCold   . . .      Faith    .    b - +0 buckler
rNeg    . . .      Spirit   +    a - +0 scale mail
rPois   .          Reflect  .    (no helmet)
rElec   .          Rampage  .    (no cloak)
rCorr   .                        (no gloves)
Will    .....                    (no boots) Stlth
                                 (no amulet)
HPRegen 0.23/turn                g - ring of see invisible
MPRegen 0.09/turn                (no ring)

@: mighty
A: fangs 2, magic shield, antimagic bite, no potion heal 2
a: no special abilities


You were on level 2 of the Dungeon.
You visited 1 branch of the dungeon, and saw 2 of its levels.

You collected 73 gold pieces.

Inventory:

Armour
 a - a +0 scale mail (worn)
 b - a +0 buckler (worn)
Jewellery
 g - a ring of see invisible (left hand)
Scrolls
 d - a scroll of immolation {unknown}
 h - a scroll of fog {unknown}
Potions
 e - a potion of cancellation {unknown}
 f - a potion of heal wounds {unknown}


   Skills:
 - Level 2.6 Fighting
 - Level 2.4 Armour
 - Level 2.6 Shields
 * Level 3.5 Unarmed Combat


You had 2 spell levels left.
You didn't know any spells.
Your spell library contained the following spells:

 Spells                   Type           Power      Damage    Failure   Level
 Beastly Appendage        Tmut           0%         N/A       86%         1
 Wereblood                Tmut           0%         N/A       94%         2
 Spider Form              Tmut/Pois      0%         N/A       99%         3


Dungeon Overview and Level Annotations

Branches:
Dungeon (2/15)

Altars:

Annotations:
D:2 Sigmund


Innate Abilities, Weirdness & Mutations

You have extremely sharp teeth.
When hurt, damage is shared between your health and your magic reserves.
Your bite disrupts and absorbs the magic of your enemies.
Potions cannot restore your health.


Message History

No target in view!
No target in view!
No target in view!
No target in view!
You pick up a book of Changes and begin reading...
You add the spells Beastly Appendage, Wereblood and Spider Form to your library.
You open the door.
Found a stone staircase leading down.
No target in view!
No target in view!
No target in view!
No target in view!
No target in view!
There is an open door here.
As you open the door, it creaks loudly!
You hear a shout! x2
Found 5 gold pieces.
There is an open door here.
You now have 73 gold pieces (gained 5).
Sigmund the Dreaded comes into view.
He is wielding a +0 scythe.
A hobgoblin comes into view.
The hobgoblin shouts!
Sigmund points at you and mumbles some strange words.
The magic dart hits you.
There is an open door here.
Sigmund points at you and mumbles some strange words.
You are confused.
Sigmund attacks as you move away! Sigmund closely misses you.
Sigmund hits you with a +0 scythe!
You feel very mighty all of a sudden. Sigmund hits you but does no damage.
You barely miss Sigmund. Sigmund hits you but does no damage.
You bump into the rock wall.
The hobgoblin hits you.
You barely miss the hobgoblin. Your bite misses the hobgoblin.
You feel less confused. The hobgoblin hits you.
Sigmund hits you from afar with a +0 scythe!
* * * LOW HITPOINT WARNING * * *
The hobgoblin hits you.
You die...

#.......##### #.#
#...........# #.#
###########.# #.#
#.# ##'## #.#
##...## ###
#.###.....##
##.###.##.......##
##...##.#@........#
#.......'@........+
##...##.#.g.......#
##.###.##....>..#..
### #.###.....##.#
..# ##...## ###
#+##


You could see Sigmund and a hobgoblin.

Vanquished Creatures
  An adder (D:2)
  2 bats
  3 giant cockroaches (D:1)
  3 goblins (D:1)
  A jackal (D:1)
  2 kobolds (D:1)
  A quokka (D:1)
  4 ball pythons (D:1)
  A frilled lizard (D:1)
  A rat (D:1)
19 creatures vanquished.

Notes
Turn   | Place    | Note
-------+----------+-------------------------------------------
     0 | D:1      | Iniera the Vine Stalker Fighter began the quest for the
                  | Orb.
     0 | D:1      | Reached XP level 1. HP: 11/11 MP: 2/2
   116 | D:1      | Reached XP level 2. HP: 16/16 MP: 3/3
   276 | D:1      | Reached skill level 3 in Unarmed Combat
   439 | D:2      | Reached XP level 3. HP: 18/19 MP: 2/4
   524 | D:2      | Noticed Sigmund
   536 | D:2      | Slain by a hobgoblin

Illustrated notes

Levels and vault maps discovered:
D:1:      dpeg_arrival_orchard, layout_rooms, serial_glass, glass_columns_a,
          glass_columns_a, minmay_small_reverse_x
D:2:      layout_loops_corners, serial_shops, nicolae_diamond_shop, uniq_sigmund

Skill      XL: |  1  2 |
---------------+-------+-----
Unarmed Combat | 3 |  3.5
Fighting       | |  2.6
Armour         | |  2.4
Shields        | |  2.6

Action                     || total
---------------------------++-------
  Melee: Unarmed           ||    66
         Bite              ||    10
    Use: Potion            ||     1
 Armour: Scale mail        ||    23
  Dodge: Dodged            ||    26
  Block: Buckler           ||    11

Table legend: (Time is in decaauts)
 A = Elapsed time spent in this place.
 B = Non-inter-level travel time spent in this place.
 C = Inter-level travel time spent in this place.
 D = Time resting spent in this place.
 E = Time spent auto-exploring this place.
 F = Levels seen in this place.
 G = Mean time per level.
                   A        B        C        D        E       F      G
               +--------+--------+--------+--------+--------+-----+--------+
         Total |    534 |    523 |     11 |      0 |    391 |   2 |  267.0 |
       Dungeon |    534 |    523 |     11 |      0 |    391 |   2 |  267.0 |
               +--------+--------+--------+--------+--------+-----+--------+

Top non-repeatable levels by time:
     D:1: 429 daAuts
     D:2: 105 daAuts
